AoeStats
← bone app the teeth

MegaRandom

508782223Analyzed
2v2 RM · 8d ago on Sep 24, 2026· 30m 26s· 4 players
Game mode
Random Map
Map size
Medium (4 player)
Population
200
Speed
Normal
Resources
Standard
Victory
Conquest
Starting age
Dark Age
Ending age
Imperial Age
RankedLock teamsTeams togetherTeam positionsShared explorationLock speedFull tech treeHidden civsTurbo modeCheats
Victory
Defeat
🇺🇸 Dravidians · United States
998
+15
🇺🇸 Koreans · United States
996
+15
🇦🇷 Mongols · Argentina
1000
-48
🇦🇷 Burgundians · Argentina
955
-41
nicosiete
3:16 Loom
12:08 Feudal Age
12:55 Horse Collar
13:06 Fishing Lines
14:16 Double-Bit Axe
14:34 Town Watch
23:48 Castle Age
21:58 Fletching
25:42 Gold Mining
26:30 Bow Saw
joacobacc
8:57 Double-Bit Axe
8:55 Horse Collar
10:09 Fishing Lines
10:17 Fishing Lines
13:10 Feudal Age
14:30 Wheelbarrow
23:11 Bow Saw
29:05 Hand Cart
Aluerad
2:04 Loom
13:51 Feudal Age
14:23 Double-Bit Axe
21:30 Castle Age
20:44 Horse Collar
21:44 Fletching
21:59 Scale Barding Armor
22:05 Forging
23:12 Bow Saw
23:05 Heavy Plow
23:10 Gold Mining
24:57 Medium Warships
25:48 Wheelbarrow
26:15 Bodkin Arrow
26:31 Husbandry
bone app the teeth
9:08 Loom
12:37 Feudal Age
13:11 Double-Bit Axe
13:31 Fishing Lines
16:39 Castle Age
15:28 Gold Mining
15:29 Stone Mining
15:38 Stone Mining
15:58 Horse Collar
16:21 Scale Mail Armor
16:13 Arson
15:48 Man-at-Arms
17:44 Bow Saw
17:57 Medium Warships
17:40 Gillnets
19:54 Fletching
20:50 Padded Archer Armor
21:12 Bodkin Arrow
22:32 Wheelbarrow
21:27 Long Swordsman
26:17 Ballistics
26:32 Heavy Plow
27:59 Elite Skirmisher
29:39 Clinker Construction
29:40 Careening
29:57 Thumb Ring
30:20 Squires
Connection lost

Rejoining the realm…

Still unreachable

The connection could not be restored.

Session expired

The server has moved on; the page needs a fresh start.